 Dungeon Crawl Stone Soup version 0.17-a0-877-ga10078a (console) character file.

71788 hyperkellhus the Devastator (level 15, -6/88 HPs)
             Began as a Gargoyle Air Elementalist on Apr 28, 2015.
             Was the Champion of Vehumet.
             Mangled by a sun demon (7 damage)
             ... summoned by Frances
             ... on level 12 of the Dungeon on Apr 30, 2015.
             The game lasted 01:41:01 (37227 turns).

hyperkellhus the Devastator (GrAE)                 Turns: 37227, Time: 01:41:02

Health: -6/88      AC: 36    Str: 14    XL:     15   Next: 37%
Magic:  4/31       EV: 11    Int: 20    God:    Vehumet [******]
Gold:   2832       SH:  5    Dex: 10    Spells: 9 memorised, 5 levels left

rFire  + . .     SeeInvis +     b - +0 blowgun
rCold  x . .     Clarity  .     N - +5 mottled dragon armour
rNeg   + . .     SustAb   .     Q - +0 buckler {AC+3}
rPois  ∞         Gourm    .     y - +1 helmet
rElec  +         Spirit   .     T - +2 cloak {MR+}
rCorr  .         Warding  .     A - +0 pair of gloves
rMut   .         Stasis   .     E - +2 pair of boots of the Assassin {Stlth++}
MR     ++...                    S - amulet of rage
Stlth  +++.......               v - ring of see invisible
                                W - ring of fire

@: very resistant to hostile enchantments, fairly stealthy
A: big wings, negative energy resistance 1, electricity resistance, unbreathing,
petrification resistance, rot immunity, AC +11
a: Fly, Renounce Religion, Evoke Berserk Rage


You were on level 12 of the Dungeon.
You worshipped Vehumet.
Vehumet was exalted by your worship.
You were hungry.

You visited 3 branches of the dungeon, and saw 21 of its levels.

You collected 4106 gold pieces.
You spent 1274 gold pieces at shops.

Inventory:

Hand weapons
 b - a +0 blowgun (weapon)
 J - a +2 dagger of venom
Missiles
 i - 4 throwing nets
 M - 103 poisoned needles (quivered)
Armour
 y - a +1 helmet (worn)
 A - a +0 pair of gloves (worn)
 E - the +2 pair of boots of the Assassin (worn) {Stlth++}
   (You found it on level 7 of the Lair of Beasts)

   It makes you much more stealthy.
 N - a +5 mottled dragon armour (worn)
 Q - a +0 buckler of protection (worn)
 T - a +2 cloak of magic resistance (worn)
 V - a +1 robe of cold resistance
Magical staves
 a - an uncursed staff of power
Rods
 G - a +4 rod of shadows (12/12)
   (You found it on level 11 of the Dungeon)
Jewellery
 v - a ring of see invisible (right hand)
 B - an uncursed amulet of warding
 H - an uncursed ring of stealth
 S - an amulet of rage (around neck)
 W - a ring of fire (left hand)
Magical devices
 c - a wand of teleportation (5)
 l - a wand of fire (3)
 r - a wand of digging (7)
 P - a wand of disintegration (10)
 X - a wand of disintegration (9)
Scrolls
 f - 7 scrolls of remove curse
 k - 4 scrolls of blinking
 n - 2 scrolls of magic mapping
 s - a scroll of fog
 u - 3 scrolls of teleportation
 z - a scroll of fear
 I - 2 scrolls of enchant weapon
 Z - 5 scrolls of recharging
Potions
 d - 9 potions of curing
 e - 3 potions of restore abilities
 h - 2 potions of agility
 j - 2 potions of invisibility
 m - 3 potions of brilliance
 C - 4 potions of heal wounds
 D - 2 potions of magic
 K - 2 potions of resistance
 L - 5 potions of might
 R - 2 potions of berserk rage
 U - 2 potions of cancellation
 Y - 2 potions of haste
Comestibles
 o - 10 royal jellies
 p - 6 meat rations
 q - 5 fruits
 t - 11 bread rations
 w - 4 beef jerkies
 O - 2 chunks of flesh


   Skills:
 - Level 8.0 Fighting
 - Level 5.8 Armour
 - Level 1.5 Dodging
 - Level 2.1 Stealth
 - Level 5.2 Shields
 + Level 12.3 Spellcasting
 - Level 16.0 Conjurations
 - Level 13.0 Ice Magic
 - Level 2.4 Air Magic
 - Level 6.0 Poison Magic


You had 5 spell levels left.
You knew the following spells:

 Your Spells              Type           Power        Failure   Level  Hunger
b - Venom Bolt            Conj/Pois      ######....   1%          5    ####...
c - Bolt of Cold          Conj/Ice       #####.....   1%          6    ######.
d - Throw Frost           Conj/Ice       #####.       1%          2    None
i - Freezing Cloud        Conj/Ice/Air   ####......   4%          6    ######.
l - Blink                 Tloc           N/A          12%         2    None
o - Orb of Destruction    Conj           ######....   2%          7    #######
r - Repel Missiles        Chrm/Air       ###...       10%         2    None
s - Swiftness             Chrm/Air       ###.....     10%         2    None
A - Apportation           Tloc           ##........   10%         1    None


Dungeon Overview and Level Annotations

Branches:
Dungeon (12/15)            Temple (1/1) D:5            Lair (8/8) D:8
 Shoals (0/4) Lair:4        Snake (0/4) Lair:6        Slime (0/6) Lair:7
    Orc: D:9-12

Altars:
Ashenzari
Cheibriados
Dithmenos
Elyvilon
Fedhas
Gozag
Kikubaaqudgha
Makhleb
Nemelex Xobeh
Okawaru
Qazlal
Ru
Sif Muna
Trog
Vehumet
Xom
Yredelemnul
Zin
The Shining One
Jiyva

Shops:
D:5 [   D:9 :

Annotations:
D:12 Frances


Innate Abilities, Weirdness & Mutations

You are resistant to torment.
Your stone body is resilient (AC +11).
You are immune to poison.
Your large and strong wings let you fly indefinitely.
You resist negative energy.
You are resistant to electric shocks.
You can survive without breathing.
You are immune to petrification.
You are immune to rotting.


Message History

You block the ufetubus's attack. The ufetubus barely misses you.
The ufetubus misses you.
The ufetubus hits you but does no damage.
Frances hits you but does no damage.
The ynoxinul hits you but does no damage.
The sun demon hits you!
You are engulfed in flames!
You resist.
The red devil hits you from afar with a demon trident of flaming!
* * * LOW HITPOINT WARNING * * *
You block the ufetubus's attack. The ufetubus closely misses you.
The sun demon closely misses you. The ufetubus closely misses you.
The ufetubus completely misses you.
The red devil hops backward while attacking.
The red devil hits you from afar with a demon trident of flaming!
* * * LOW HITPOINT WARNING * * *
The red devil burns you.
* * * LOW HITPOINT WARNING * * *
The sun demon hits you!
* * * LOW HITPOINT WARNING * * *
You are engulfed in flames!
You resist.
You die...

#..... ##.... ###.. .
###† .(. ### ######...
... ##.# #.....)## .Y#
##..## ###......##
#h###....###..........
#3#.@...#...#........
#@53.....####........
##.55.4...# #.><.....
#..5...)..# #.......#
#........## #.....###
#.......## #######
##......# #....###
#..###


You could see Frances, a sun demon, a red devil and 4 ufetubi.

Vanquished Creatures
  A fire dragon (Lair:8)
  4 hydras
  2 catoblepae
  23 death yaks
  Pikel (D:6)
  3 lindwurms (Lair:8)
  2 hill giants
  3 cyclopes (D:11)
  A manticore (Lair:4)
  2 griffons
  11 black mambas
  9 elephants (Lair:8)
  9 torpor snails
  11 spiny frogs
  2 trolls
  3 fire drakes
  A tengu conjurer (D:11)
  8 komodo dragons
  A two-headed ogre (D:9)
  3 giant leeches (Lair:8)
  A freezing wraith (D:11)
  Prince Ribbit (D:7)
  A queen bee (D:10)
  2 boulder beetles (Lair:8)
  24 blink frogs
  A deep elf mage (D:12)
  2 wyverns
  2 wraiths
  37 yaks
  5 basilisks
  A spriggan (D:7)
  13 hippogriffs
  A hungry ghost (D:7)
  Menkaure (D:7)
  22 wolves
  19 water moccasins
  11 porcupines
  2 sky beasts
  3 phantoms
  2 slaves
  A necrophage (D:6)
  7 orc warriors
  4 wasps (Lair:8)
  3 centaurs
  9 ogres
  2 boring beetles
  4 brain worms (Lair:8)
  28 crocodiles
  9 giant frogs
  5 big kobolds
  2 gnoll sergeants
  A water moccasin zombie (D:8)
  A wyvern skeleton (D:12)
  8 wights
  2 scorpions
  33 killer bees
  A jelly (D:11)
  7 crimson imps
  A giant frog zombie (D:5)
  8 hounds
  3 centaur skeletons
  A centaur zombie (D:11)
  10 orc priests
  5 orc wizards
  5 giant frog skeletons
  14 iguanas
  7 worker ants
  15 sheep
  2 hound skeletons
  99 river rats
  A worker ant zombie (D:11)
  14 gnolls
  21 adders
  2 shadow imps
  An ooze (D:3)
  An adder zombie (D:6)
  2 adder skeletons
  17 worms
  5 giant geckos
  47 orcs
  4 ball pythons (Lair:6)
  12 bats
  A bat zombie (D:2)
  7 giant cockroaches
  13 goblins
  17 hobgoblins
  17 jackals
  34 kobolds
  2 quokkas
  4 giant newts
  A quokka skeleton (D:6)
  A quokka zombie (D:5)
  14 rats
  2 rat zombies (D:2)
  5 fungi
  A plant (Lair:7)
794 creatures vanquished.

Vanquished Creatures (others)
  A wolf (Lair:7)
  A water moccasin (Lair:7)
  An ufetubus (D:12)
  23 fungi
  24 plants
50 creatures vanquished.

Grand Total: 844 creatures vanquished

Notes
Turn   | Place    | Note
--------------------------------------------------------------
     0 | D:1      | hyperkellhus, the Gargoyle Air Elementalist, began the quest for the Orb.
     0 | D:1      | Reached XP level 1. HP: 10/10 MP: 3/3
   388 | D:1      | Reached XP level 2. HP: 15/15 MP: 1/5
   890 | D:1      | Reached skill level 3 in Conjurations
   894 | D:1      | Reached XP level 3. HP: 17/19 MP: 0/6
  1713 | D:2      | Reached skill level 4 in Conjurations
  1713 | D:2      | Reached XP level 4. HP: 21/24 MP: 3/7
  1878 | D:2      | Found an ancient bone altar of Kikubaaqudgha.
  2010 | D:2      | Found a shadowy altar of Dithmenos.
  2364 | D:3      | Learned a level 3 spell: Static Discharge
  2500 | D:3      | Reached skill level 5 in Conjurations
  2661 | D:3      | Reached XP level 5. HP: 28/28 MP: 4/8
  3213 | D:3      | Reached skill level 6 in Conjurations
  3553 | D:4      | Reached XP level 6. HP: 32/32 MP: 4/9
  3740 | D:4      | Found a shattered altar of Ashenzari.
  3740 | D:4      | Found a glowing silver altar of Zin.
  3925 | D:4      | Identified the Volume of Bewitchment
  4211 | D:5      | Entered Level 5 of the Dungeon
  4257 | D:4      | Upgraded the game from 0.17-a0-854-g4a4ba72 to 0.17-a0-877-ga10078a
  4437 | D:5      | Learned a level 2 spell: Repel Missiles
  4440 | D:5      | Learned a level 2 spell: Swiftness
  4658 | D:5      | Reached XP level 7. HP: 32/36 MP: 13/13
  4730 | D:5      | Found a staircase to the Ecumenical Temple.
  4870 | Temple   | Entered the Ecumenical Temple
  5093 | D:5      | Learned a level 2 spell: Blink
  5126 | D:5      | Found Ratur's Armour Boutique.
  5144 | D:5      | Reached skill level 7 in Conjurations
  5613 | D:5      | Reached skill level 8 in Conjurations
  6123 | D:6      | Reached XP level 8. HP: 31/41 MP: 2/15
  6218 | D:6      | Noticed Pikel
  6317 | D:6      | Found a basalt altar of Yredelemnul.
  6318 | D:6      | Found a snail-covered altar of Cheibriados.
  6474 | D:6      | Reached skill level 5 in Spellcasting
  6739 | D:6      | Killed Pikel
  6739 | D:6      | Reached skill level 9 in Conjurations
  7127 | D:6      | Reached skill level 10 in Conjurations
  7505 | D:7      | Reached XP level 9. HP: 45/45 MP: 8/17
  7948 | D:7      | Noticed Menkaure
  7956 | D:7      | Killed Menkaure
  7962 | D:7      | Reached skill level 11 in Conjurations
  8154 | D:7      | Found a stormy altar of Qazlal.
  8362 | D:7      | Noticed Prince Ribbit
  8371 | D:7      | Killed Prince Ribbit
  8897 | D:8      | Reached skill level 1 in Fighting
  9042 | D:7      | Found a radiant altar of Vehumet.
  9055 | D:7      | Reached XP level 10. HP: 18/58 MP: 0/22
  9059 | D:7      | Became a worshipper of Vehumet
  9264 | D:8      | Reached skill level 5 in Fighting
  9376 | D:8      | Found a staircase to the Lair.
  9785 | D:8      | Found a sparkling altar of Nemelex Xobeh.
  9818 | D:8      | Acquired Vehumet's first power
  9818 | D:8      | Offered knowledge of Sandblast by Vehumet.
  9886 | D:8      | Reached skill level 12 in Conjurations
 10598 | D:9      | Found Femes's Book Boutique.
 11123 | D:9      | Reached skill level 13 in Conjurations
 11284 | D:9      | Offered knowledge of Throw Frost by Vehumet.
 11293 | D:9      | Learned a level 2 spell: Throw Frost
 11375 | D:9      | Reached skill level 1 in Ice Magic
 12087 | D:10     | Entered Level 10 of the Dungeon
 12322 | D:10     | Reached XP level 11. HP: 25/63 MP: 4/23
 12607 | D:10     | Reached skill level 5 in Ice Magic
 12737 | D:10     | Offered knowledge of Throw Flame by Vehumet.
 12874 | D:10     | Acquired Vehumet's second power
 13551 | Lair:1   | Entered Level 1 of the Lair of Beasts
 13969 | Lair:1   | Offered knowledge of Force Lance by Vehumet.
 16768 | Lair:2   | Reached skill level 10 in Ice Magic
 17025 | Lair:2   | Learned a level 6 spell: Freezing Cloud
 17229 | Lair:3   | Acquired Vehumet's third power
 17410 | Lair:3   | Reached XP level 12. HP: 42/68 MP: 3/24
 17960 | Lair:3   | Offered knowledge of Airstrike by Vehumet.
 18187 | Lair:3   | Identified a scroll of acquirement
 18423 | D:5      | Bought a +0 buckler of protection for 172 gold pieces
 18423 | D:5      | Bought a +2 mottled dragon armour for 780 gold pieces
 18423 | D:5      | Bought a +2 cloak of magic resistance for 322 gold pieces
 18716 | Lair:2   | Learned a level 1 spell: Apportation
 18720 | Lair:2   | Learned a level 3 spell: Flight
 18786 | Lair:3   | Noticed a catoblepas
 18914 | Lair:3   | Noticed a death yak
 18920 | Lair:3   | Noticed a death yak
 18920 | Lair:3   | Noticed a death yak
 19107 | Lair:2   | Killed a death yak
 19426 | Lair:2   | Killed a death yak
 19426 | Lair:2   | Reached skill level 10 in Spellcasting
 19545 | Lair:2   | Killed a death yak
 19870 | Lair:3   | Killed a catoblepas
 19870 | Lair:3   | Reached skill level 5 in Shields
 20600 | Lair:4   | Found a staircase to the Shoals.
 20731 | Lair:4   | Reached skill level 14 in Conjurations
 20785 | Lair:4   | Got a dazzling leather armour
 20796 | Lair:4   | Identified the +3 leather armour of Generosity {Regen+ Int+2} (You found it on level 4 of the Lair of Beasts)
 20971 | Lair:4   | Reached skill level 1 in Armour
 21083 | Lair:4   | Offered knowledge of Bolt of Draining by Vehumet.
 21994 | Lair:5   | Identified Imats's Tome of Gliding Enhancements
 22813 | Lair:6   | Reached XP level 13. HP: 68/72 MP: 18/27
 22880 | Lair:6   | Reached skill level 5 in Armour
 23034 | Lair:6   | Found a staircase to the Snake Pit.
 25149 | Lair:7   | Found a viscous altar of Jiyva.
 25150 | Lair:7   | Found a staircase to the Slime Pits.
 25303 | Lair:7   | Offered knowledge of Orb of Destruction by Vehumet.
 25312 | Lair:7   | Learned a level 7 spell: Orb of Destruction
 27482 | Lair:7   | Reached skill level 15 in Conjurations
 27983 | Lair:7   | Gained mutation: Your large and strong wings let you fly indefinitely. [Gargoyle growth]
 27983 | Lair:7   | Reached XP level 14. HP: 19/84 MP: 23/28
 28822 | Lair:8   | Entered Level 8 of the Lair of Beasts
 29185 | Lair:7   | Offered knowledge of Venom Bolt by Vehumet.
 29449 | Lair:7   | Learned a level 5 spell: Venom Bolt
 29808 | Lair:8   | Reached skill level 1 in Poison Magic
 30948 | Lair:8   | Reached skill level 5 in Poison Magic
 32515 | Lair:8   | Found a runed door.
 33131 | Lair:8   | Reached XP level 15. HP: 88/88 MP: 3/31
 33783 | Lair:8   | Reached skill level 16 in Conjurations
 34818 | D:11     | Found a sacrificial altar of Ru.
 34912 | D:11     | Got a faintly glowing dagger
 35640 | D:11     | Offered knowledge of Bolt of Cold by Vehumet.
 35900 | Lair:2   | Learned a level 6 spell: Bolt of Cold
 37210 | D:12     | Noticed Frances
 37227 | D:12     | HP: 1/88 [sun demon[Frances] (16)]
 37227 | D:12     | Mangled by a sun demon

Action                   |  1- 3 |  4- 6 |  7- 9 | 10-12 | 13-15 || total
-------------------------+-------+-------+-------+-------+-------++-------
Melee: Short sword       |     1 |       |       |       |       ||     1
       Dagger            |       |    84 |   200 |   404 |  1254 ||  1942
       Trident           |       |       |       |   206 |       ||   206
 Fire: Blowgun           |       |       |       |    65 |    12 ||    77
 Cast: Shock             |    78 |   107 |   144 |   155 |       ||   484
       Static Discharge  |       |     7 |    47 |    33 |       ||    87
       Repel Missiles    |       |     1 |       |     1 |     1 ||     3
       Throw Frost       |       |       |       |   461 |   497 ||   958
       Blink             |       |       |       |     1 |       ||     1
       Freezing Cloud    |       |       |       |       |    11 ||    11
       Orb of Destructio |       |       |       |       |    24 ||    24
       Swiftness         |       |       |       |       |     1 ||     1
       Venom Bolt        |       |       |       |       |   104 ||   104
       Bolt of Cold      |       |       |       |       |     6 ||     6
Evoke: Wand              |       |       |     1 |       |     2 ||     3
  Use: Potion            |       |       |     2 |       |       ||     2
       Scroll            |       |       |    16 |    13 |    11 ||    40
 Stab: Sleeping          |       |       |     3 |     2 |     1 ||     6
       Distracted        |       |       |       |     1 |     2 ||     3
  Eat: Bread ration      |     1 |       |       |     3 |     2 ||     6
       Chunk             |       |     9 |    17 |    30 |    63 ||   119
       Pizza             |       |     1 |       |       |     1 ||     2
       Fruit             |       |       |       |       |    11 ||    11
